AoeStats
← LagerregaL92

Arabia

504184937Analyzed
1v1 RM · 28d ago on Sep 4, 2026· 35m 37s· 2 players
Game mode
Random Map
Map size
Tiny (2 player)
Population
200
Speed
Normal
Resources
Standard
Victory
Conquest
Starting age
Dark Age
Ending age
Imperial Age
RankedLock teamsTeams togetherTeam positionsShared explorationLock speedFull tech treeHidden civsTurbo modeCheats
Victory
Defeat
🇨🇭 Franks · Switzerland
904
+16
🇦🇹 Byzantines · Austria
896
-16
Rentarō-san
11:38 Feudal Age
9:57 Loom
22:29 Castle Age
20:19 Double-Bit Axe
20:15 Horse Collar
20:32 Gold Mining
20:32 Stone Mining
20:45 Stone Mining
23:58 Bow Saw
23:50 Heavy Plow
23:34 Elite Skirmisher
27:13 Pikeman
30:18 Scale Mail Armor
30:08 Fletching
34:27 Chain Mail Armor
34:08 Bodkin Arrow
LagerregaL92
10:10 Feudal Age
8:26 Loom
8:33 Loom
10:55 Double-Bit Axe
23:30 Castle Age
23:11 Gold Mining
24:26 Wheelbarrow
24:34 Husbandry
26:04 Scale Barding Armor
29:12 Chain Barding Armor
35:03 Town Watch
Connection lost

Rejoining the realm…

Still unreachable

The connection could not be restored.

Session expired

The server has moved on; the page needs a fresh start.